 Dungeon Crawl Stone Soup version 0.19.5 (webtiles) character file.

69 Dumah the Vexing (level 4, -4/24 HPs)
             Began as a Deep Elf Enchanter on Apr 6, 2017.
             Slain by a gnoll
             ... wielding a +0 spear
              (5 damage)
             ... on level 2 of the Dungeon.
             The game lasted 00:04:05 (1253 turns).

Dumah the Vexing (Deep Elf Enchanter)               Turns: 1253, Time: 00:04:06

Health: -4/24      AC:  3    Str:  5    XL:     4   Next: 2%
Magic:  5/11       EV: 12    Int: 21    God:
Gold:   17         SH:  0    Dex: 15    Spells: 2 memorised, 7 levels left

rFire  . . .     SeeInvis .     g - +2 dagger (speed)
rCold  . . .     Gourm    .     h - +0 leather armour
rNeg   . . .     Faith    .     (no shield)
rPois  .         Spirit   .     (no helmet)
rElec  .         Reflect  .     (no cloak)
rCorr  .         Harm     .     (no gloves)
MR     .....                    (no boots)
Stlth  +++.......               (no amulet)
                                (no ring)
                                (no ring)

@: very slightly contaminated
A: no striking features
a: no special abilities


You were on level 2 of the Dungeon.
You were hungry.

You visited 1 branch of the dungeon, and saw 2 of its levels.

You collected 17 gold pieces.

Inventory:

Hand Weapons
 a - a +1 dagger
 g - a +2 dagger of speed (weapon)
Armour
 b - a +1 robe
 h - a +0 leather armour (worn)
Scrolls
 e - a scroll of amnesia {unknown}
 f - a scroll of fear {unknown}
 i - 2 scrolls of teleportation {unknown}
Books
 c - a book of Maledictions

   Spells                             Type                      Level
   a - Corona                         Hexes                        1
   b - Ensorcelled Hibernation        Hexes/Ice                    2
   c - Confuse                        Hexes                        3
   d - Tukima's Dance                 Hexes                        3
   e - Dazzling Spray                 Conjuration/Hexes            3
Comestibles
 d - 4 bread rations
 j - a chunk of flesh


   Skills:
 + Level 1.2 Short Blades
 + Level 2.5 Dodging
 + Level 4.7 Stealth
 + Level 3.7 Spellcasting
 * Level 4.9 Hexes
 + Level 0.7 Ice Magic


You had 7 spell levels left.
You knew the following spells:

 Your Spells              Type           Power        Failure   Level  Hunger
a - Corona                Hex            ###....      3%          1    None
b - Ensorcelled Hibernat  Hex/Ice        ###...       12%         2    ##.....


Dungeon Overview and Level Annotations

Branches:
Dungeon (2/15)

Altars:
Dithmenos
Makhleb
Nemelex Xobeh
Qazlal
Ru
Xom
The Shining One


Message History

Aim: a gnoll, wielding a spear (chance to defeat MR: 54%)
You miscast Ensorcelled Hibernation.
You are very lightly contaminated with residual magic.
The light around you dims momentarily.
The gnoll hits you from afar with a spear.
Casting: Ensorcelled Hibernation
Confirm with . or Enter, or press ? or * to list all spells.
Aiming: Ensorcelled Hibernation
Press: ? - help, Shift-Dir - straight line, f/p - gnoll
Aim: a gnoll, wielding a spear (chance to defeat MR: 54%)
The gnoll looks drowsy...
The gnoll shouts!
The gnoll hits you with a spear.
* * * LOW HITPOINT WARNING * * *
You hit the gnoll.
The gnoll is lightly wounded.
The gnoll hits you from afar with a spear.
* * * LOW HITPOINT WARNING * * *
The gnoll hits you from afar with a spear.
You die...

#.# #.##.##
##.......## ##..## #.#
#.##.# ##.....## ##.##
#.# #.##.# ##...##
#... #.###.##.# ##g##
#.## #........# #†#
#.## #####.#### #.#
#.# #........# ##g##
#.###.##.########g..##
#.# #..........@.....#
# #.#
####.######.#...## .#
#.# #.# #.##.## ..
#.######.# #.##.##.#.#
#........# #.........#
########## ####.##.###
#.# # #.# #.#


You could see 2 gnolls.

Vanquished Creatures
  Natasha (D:2)
  2 adders (D:2)
  An ooze (D:1)
  A leopard gecko (D:1)
  A giant cockroach (D:1)
  6 goblins
  2 hobgoblins (D:1)
  A ball python (D:1)
  4 frilled lizards
  4 kobolds
  2 rats (D:1)
25 creatures vanquished.

Notes
Turn   | Place    | Note
-------+----------+-------------------------------------------
     0 | D:1      | Dumah the Deep Elf Enchanter began the quest for the Orb.
     0 | D:1      | Reached XP level 1. HP: 10/10 MP: 6/6
   387 | D:1      | Reached XP level 2. HP: 11/15 MP: 6/8
   391 | D:1      | Learned a level 2 spell: Ensorcelled Hibernation
   905 | D:1      | Found a shimmering altar of Xom.
   907 | D:1      | Found a sacrificial altar of Ru.
   907 | D:1      | Found a stormy altar of Qazlal.
   909 | D:1      | Found a burning altar of Makhleb.
   909 | D:1      | Found a sparkling altar of Nemelex Xobeh.
   909 | D:1      | Found a glowing golden altar of the Shining One.
  1062 | D:2      | Noticed Natasha
  1065 | D:2      | Killed Natasha
  1065 | D:2      | Reached XP level 3. HP: 19/19 MP: 7/10
  1159 | D:2      | Reached XP level 4. HP: 24/24 MP: 8/11
  1164 | D:2      | Found a shadowy altar of Dithmenos.
  1250 | D:2      | HP: 1/24 [gnoll/spear (6)]
  1253 | D:2      | Slain by a gnoll

Skill      XL: |  1  2 |
---------------+-------+-----
Stealth        | 4 |  4.7
Short Blades   | |  1.2
Dodging        | |  2.5
Spellcasting   | |  3.7
Hexes          | |  4.9
Ice Magic      | |  0.7

Action                   |  1- 3 |  4- 6 || total
-------------------------+-------+-------++-------
Melee: Dagger            |    43 |     6 ||    49
 Cast: Corona            |     5 |       ||     5
       Ensorcelled Hiber |    13 |     5 ||    18
 Stab: Sleeping          |    16 |     1 ||    17
  Eat: Chunk             |     1 |       ||     1
Armor: Robe              |     2 |       ||     2
Dodge: Dodged            |    19 |    13 ||    32
